 Dungeon Crawl Stone Soup version 0.23-a0-586-gacb4b3f (webtiles) character file.

504 rageheart7 the Ruffian (level 6, -7/67 HPs)
             Began as a Troll Monk on Dec 18, 2018.
             Was a Follower of Uskayaw.
             Mangled by a wyvern (17 damage)
             ... on level 4 of the Dungeon.
             The game lasted 00:04:10 (2442 turns).

rageheart7 the Ruffian (Troll Monk)                 Turns: 2442, Time: 00:04:10

Health: -7/67      AC:  5    Str: 19 (20) XL:     6   Next: 96%
Magic:  5/5        EV: 10    Int:  5 (6)  God:    Uskayaw [*.....]
Gold:   135        SH:  0    Dex: 12      Spells: 5/5 levels left

rFire    . . .     SeeInvis .   w - +7 scythe (holy)
rCold    . . .     Gourm    +   (shield currently unavailable)
rNeg     . . .     Faith    .   a - +0 robe
rPois    .         Spirit   .   (helmet restricted)
rElec    .         Reflect  .   (no cloak)
rCorr    +         Harm     .   (gloves unavailable)
MR       .....                  (boots unavailable)
Stlth    ++........             (no amulet)
HPRegen  0.61/turn              i - ring of resist corrosion
MPRegen  0.09/turn              d - ring of flight

@: about to teleport
A: large, unfitting armour, claws 3, clumsy 1, fast metabolism 3, gourmand,
regeneration 1, robust 1, shaggy fur 1, tough skin 2
a: Stomp, Renounce Religion, Evoke Flight


You were on level 4 of the Dungeon.
You worshipped Uskayaw.
Uskayaw was noncommittal.
You were completely stuffed.

You visited 1 branch of the dungeon, and saw 4 of its levels.

You collected 135 gold pieces.

Inventory:

Hand Weapons
 w - a +7 scythe of holy wrath (weapon)
Armour
 a - a +0 robe (worn)
Jewellery
 d - a ring of flight (right claw)
 i - a ring of resist corrosion (left claw)
Scrolls
 c - a scroll of enchant weapon
 e - a scroll of remove curse
Potions
 g - a potion of haste
 h - a potion of heal wounds
 j - a potion of invisibility
Comestibles
 b - 9 rations
 f - 5 chunks of flesh


   Skills:
 * Level 3.6 Fighting
 - Level 2.4 Dodging
 - Level 1.0 Stealth
 * Level 7.2 Unarmed Combat


You had 5 spell levels left.
You didn't know any spells.
Your spell library was empty.

Dungeon Overview and Level Annotations

Branches:
Dungeon (4/15)
 Temple: D:4-7

Altars:
Qazlal
Trog
Uskayaw
Zin

Shops:
D:2 *


Innate Abilities, Weirdness & Mutations

You are too large for most types of armour.
You have claws for hands.
Your metabolism is lightning-fast.
You like to eat raw meat.
Your natural rate of healing is unusually fast.
You are covered in fur. (AC +1)
You have very tough skin. (AC +2)
You are clumsy. (Dex -2)
You are robust. (+10% HP)


Message History

Attack whom?
Press: ? - help, Dir - move target cursor, f - wyvern
Aim: a wyvern You reach to attack!
You closely miss the wyvern. The wyvern barely misses you.
The wyvern bites you but does no damage.
You barely miss the wyvern. The wyvern bites you!! The wyvern bites you.
The wyvern bites you!
You are too injured to fight recklessly!
You are too injured to fight recklessly!
You slash the wyvern!
The wyvern is heavily wounded.
The wyvern bites you but does no damage.
The wyvern bites you!
* * * LOW HITPOINT WARNING * * *
The wyvern bites you!
* * * LOW HITPOINT WARNING * * *
As you read the scroll of teleportation, it crumbles to dust.
You feel strangely unstable. The wyvern closely misses you.
The wyvern bites you!
You die...

# ###### ## #.# ##..... .
!... .....# # .....
#.##.# ##
..>>..#†##.#############.
#......l@)#..........##.#
#.....####.#########.....
#.... #...# ##.##.# #.##
###.######.#.##. #
........###### ..######.#
### ####


You could see a wyvern.

Vanquished Creatures
  Sigmund (D:2)
  Purgy (D:3)
  2 orc priests (D:3)
  Jessica (D:3)
  A hound skeleton (D:4)
  6 adders
  A shadow imp (D:2)
  A worm (D:2)
  4 dart slugs
  2 leopard geckos
  9 orcs
  A ball python (D:2)
  3 giant cockroaches
  9 goblins
  5 hobgoblins
  4 jackals (D:2)
  11 bats
  2 frilled lizards (D:2)
  6 kobolds
  9 rats
79 creatures vanquished.

Notes
Turn   | Place    | Note
-------+----------+-------------------------------------------
     0 | D:1      | rageheart7 the Troll Monk began the quest for the Orb.
     0 | D:1      | Reached XP level 1. HP: 22/22 MP: 0/0
   195 | D:1      | Reached XP level 2. HP: 29/29 MP: 1/1
   789 | D:2      | Found a hide-covered altar of Uskayaw.
   797 | D:2      | Reached XP level 3. HP: 36/36 MP: 2/2
   857 | D:2      | Became a worshipper of Uskayaw the Reveler
   857 | D:2      | Reached * piety under Uskayaw
   876 | D:2      | Found a bloodstained altar of Trog.
   877 | D:2      | Found Zin's Purification Station.
   877 | D:2      | Found a glowing silver altar of Zin.
   883 | D:2      | Reached ** piety under Uskayaw
   885 | D:2      | Reached skill level 4 in Unarmed Combat
  1026 | D:2      | Found a faded altar of an unknown god.
  1086 | D:2      | Reached XP level 4. HP: 45/45 MP: 3/3
  1294 | D:2      | Noticed Sigmund
  1310 | D:2      | Killed Sigmund
  1310 | D:2      | Reached skill level 6 in Unarmed Combat
  1310 | D:2      | Reached XP level 5. HP: 31/53 MP: 4/4
  1366 | D:2      | Gained mutation: You are clumsy. (Dex -2) [potion of
                  | mutation]
  1366 | D:2      | Gained mutation: You are robust. (+10% HP) [potion of
                  | mutation]
  1402 | D:3      | Reached XP level 6. HP: 62/67 MP: 5/5
  1474 | D:3      | Noticed Purgy
  1481 | D:3      | Killed Purgy
  1482 | D:3      | Reached *** piety under Uskayaw
  1700 | D:3      | Found a stormy altar of Qazlal.
  1913 | D:3      | Reached skill level 7 in Unarmed Combat
  2129 | D:3      | Noticed Jessica
  2132 | D:3      | Killed Jessica
  2435 | D:4      | Noticed a wyvern
  2442 | D:4      | Mangled by a wyvern

Vault maps used:
D:1:      elethiomel_arrival_quiet
D:2:      minmay_spotlight, eat_drink_and_be_merry_uskayaw, bloody_trog,
          zin_purify, chequers_ecumenical_altar_twisty, uniq_sigmund
D:3:      nicolae_qazlal_general_emergency, first_ration, uniq_jessica,
          uniq_purgy
D:4:      led_sif_pool, tso_metal_star

Skill      XL: |  1  2  3  4  5  6 |
---------------+-------------------+-----
Fighting       | 3 |  3.6
Unarmed Combat | 4 6 7 |  7.2
Dodging        | |  2.4
Stealth        | |  1.0

Action                   |  1- 3 |  4- 6 || total
-------------------------+-------+-------++-------
Melee: Unarmed           |   108 |    58 ||   166
       Scythe            |       |    39 ||    39
       Punch             |       |     1 ||     1
  Use: Scroll            |       |    11 ||    11
       Potion            |       |     8 ||     8
 Stab: Sleeping          |     7 |     2 ||     9
       Paralysed         |       |     2 ||     2
  Eat: Chunk             |    15 |    13 ||    28
Armor: Robe              |    41 |    30 ||    71
Dodge: Dodged            |    61 |    44 ||   105

Table legend:
 A = Non-vault XP
 B = Vault XP
 C = Vault XP percentage of total XP
 D = Non-vault monster count
 E = Vault monster count
 F = Vault count percentage of total count
                 A         B        C        D         E       F
            +---------+---------+-------+---------+---------+-------
      Total |     303 |     417 |  57.9 |      71 |       8 |  10.1
            +---------+---------+-------+---------+---------+-------
        D:1 |      36 |       0 |   0.0 |      23 |       0 |   0.0
        D:2 |      99 |     244 |  71.1 |      26 |       6 |  18.8
        D:3 |     132 |     173 |  56.7 |      15 |       2 |  11.8
        D:4 |      36 |       0 |   0.0 |       7 |       0 |   0.0
            +---------+---------+-------+---------+---------+-------
